 Dungeon Sprint DCSS version 0.19-a0-1553-g64c24c3 (webtiles) character file.

12121 poirepourri the Ninja (level 11, -7/51 HPs)
             Began as a Spriggan Enchanter on Sept 14, 2016.
             Was the Champion of Dithmenos.
             Engulfed by a cloud of freezing vapour (29 damage)
             ... in the Dungeon (Sprint I: "Red Sonja").
             The game lasted 00:08:26 (2339 turns).

poirepourri the Ninja (Spriggan Enchanter)          Turns: 2339, Time: 00:08:27

Health: -7/51      AC:  4    Str:  4    XL:     11   Next: 58%
Magic:  30/30      EV: 32    Int: 21    God:    Dithmenos [******]
Gold:   631        SH:  0    Dex: 25    Spells: 6 memorised, 25 levels left

rFire  . . .     SeeInvis +     q - +1 rapier (venom)
rCold  . . .     Gourm    .     k - +2 robe of the Foremost Blessings {MR+ Int+7}
rNeg   . . .     Faith    .     (shield restricted)
rPois  .         Spirit   .     (helmet restricted)
rElec  .         Dismiss  .     (no cloak)
rCorr  .         Reflect  .     (gloves unavailable)
MR     ++...     Harm     .     (boots unavailable)
Stlth  ++++++++++ NoTele   +    n - amulet of rage
                                (no ring)
                                p - ring "Qit Neig" {Dex+4 Slay+2}

@: wreathed by umbra, very quick
A: unfitting armour, see invisible, dopey 1, herbivore 3, speed 3, slow
metabolism 2, subdued magic 1
a: Shadow Step, Shadow Form, Renounce Religion, Evoke Berserk Rage


You were in the Dungeon.
You worshipped Dithmenos.
Dithmenos was exalted by your worship.
You were full.

You visited 1 branch You collected 1667 gold pieces.
You spent 1036 gold pieces at shops.

Inventory:

Hand Weapons
 a - a +1 dagger
 j - a +2 dagger of speed
 l - a +0 blowgun
 q - a +1 rapier of venom (weapon)
Missiles
 m - 6 curare-tipped needles
Armour
 b - a +1 robe
 k - the +2 robe of the Foremost Blessings (worn) {MR+ Int+7}
   (You bought it in a shop in the Dungeon)

   It affects your intelligence (+7).
   It affects your resistance to hostile enchantments.
Rods
 i - a +0 rod of shadows (13/13)
   (You found it in the Dungeon)
Jewellery
 n - an amulet of rage (around neck)
 p - the ring "Qit Neig" (left hand) {Dex+4 Slay+2}
   (You bought it in a shop in the Dungeon)

   [ring of dexterity]

   It affects your dexterity (+4).
   It affects your accuracy and damage with ranged weapons and melee attacks
   (+2).
Scrolls
 t - a scroll of blinking
Potions
 e - 3 potions of curing
 f - a potion of heal wounds
 g - 2 potions of haste
 h - a potion of mutation {unknown}
Books
 c - a book of Maledictions

   Spells                             Type                      Level
   a - Corona                         Hexes                        1
   b - Ensorcelled Hibernation        Hexes/Ice                    2
   c - Confuse                        Hexes                        3
   d - Tukima's Dance                 Hexes                        3
   e - Dazzling Spray                 Conjuration/Hexes            3
 s - a book of Misfortune

   Spells                             Type                      Level
   a - Confusing Touch                Hexes                        1
   b - Confuse                        Hexes                        3
   c - Gell's Gravitas                Hexes/Translocation          3
   d - Petrify                        Transmutation/Earth          4
   e - Metabolic Englaciation         Hexes/Ice                    5
   f - Yara's Violent Unravelling     Hexes/Transmutation          5
Miscellaneous
 o - 2 sacks of spiders


   Skills:
 + Level 2.8 Fighting
 + Level 10.4 Short Blades
 + Level 12.3 Dodging
 O Level 27 Stealth
 + Level 14.0 Spellcasting
 + Level 1.0 Conjurations
 + Level 13.2 Hexes
 - Level 2.0 Ice Magic
 + Level 1.7 Invocations


You had 25 spell levels left.
You knew the following spells:

 Your Spells              Type           Power        Failure   Level  Hunger
a - Corona                Hex            ######.      0%          1    None
b - Ensorcelled Hibernat  Hex/Ice        #####.       1%          2    None
c - Confuse               Hex            ######..     1%          3    None
d - Tukima's Dance        Hex            ######..     1%          3    None
e - Dazzling Spray        Conj/Hex       ####..       1%          3    None
f - Confusing Touch       Hex            ######       0%          1    None


Dungeon Overview and Level Annotations

Branches:
Dungeon (1/1)

Altars:
Cheibriados
Dithmenos
Elyvilon
Fedhas
Gozag
Hepliaklqana
Kikubaaqudgha
Makhleb
Nemelex Xobeh
Okawaru
Qazlal
Ru
Sif Muna
Trog
Uskayaw
Vehumet
Xom
Yredelemnul
Zin
The Shining One
Jiyva
Lugonu

Shops:
D *[(*%}?*!([*=**[:


Innate Abilities, Weirdness & Mutations

You are tiny and cannot use many weapons and most armour.
You have supernaturally acute eyesight. (SInv)
You are a herbivore.
You cover ground extremely quickly.
You need consume almost no food.
You are dopey. (Int -2)
Your spells are a little easier to cast, but a little less powerful.


Message History

A meliai is nearby!
Unknown command.
The meliai mumbles some strange prayers to its god against you.
Something smites you!
You open the large door.
Found 27 gold pieces.
Really walk into a travel-excluded area? [Y]es or [N]o only, please.
Really walk into a travel-excluded area?
Found a whip and 270 gold pieces.
There is a large open door here.
The meliai mumbles some strange prayers to its god against you.
Something smites you!
You emit a cloud of dark smoke.
Found 243 gold pieces.
You close the large door.
You start resting.
You start resting.
You are engulfed in freezing vapours.
Ouch! That really hurt!
You die...

.'..#...##'#§####
_####)..'..#.#)###
##.[#####.§'§#'#.###
§≈§)#..##'####^..#y#
§§§§§..#.....#...###
§§.)#.§#..^..+.§§..#
'#####'###.§§#^.§..#
.()###.÷.#.§§###++##
'###(###.#.§###.@##
...'(∩##.#..# ##$§#
########.##§# #§$#
......##.##.#


$$$$ .....÷.'.#### $$$$$ ''######§# $$$$$## .......#.# $$$### ....§÷#'.# #####
.÷...≈#### There were no monsters in sight!

Vanquished Creatures
  A lorocyproca (D)
  2 centaur warriors (D)
  Sonja (D)
  2 unseen horrors (D)
  A deep troll (D)
  An oklob plant (D)
  A lindwurm (D)
  8 shining eyes (D)
  A gargoyle (D)
  2 kobold demonologists (D)
  4 demonic crawlers (D)
  A slime creature (D)
  2 redbacks (D)
  Sigmund (D)
  A yak (D)
  4 giant eyeballs (D)
  A wasp (D)
  An ogre (D)
  7 necrophages (D)
  8 jellies (D)
  Ijyb (D)
  2 ballistomycetes (D)
  A giant spore (D)
54 creatures vanquished.

Vanquished Creatures (others)
  A gargoyle (D)
  A giant spore (D)
2 creatures vanquished.

Grand Total: 56 creatures vanquished

Notes
Turn   | Place    | Note
-------+----------+-------------------------------------------
     0 | D        | poirepourri the Spriggan Enchanter began the quest for the Orb.
     0 | D        | Reached XP level 1. HP: 9/9 MP: 5/5
     1 | D        | Noticed Ijyb
    16 | D        | Killed Ijyb
    16 | D        | Reached skill level 8 in Stealth
    16 | D        | Reached XP level 2. HP: 13/13 MP: 6/6
    58 | D        | Learned a level 2 spell: Ensorcelled Hibernation
    65 | D        | Noticed an ogre
    72 | D        | Killed a gargoyle
    84 | D        | Killed an ogre
    84 | D        | Reached skill level 12 in Stealth
    84 | D        | Reached XP level 3. HP: 13/16 MP: 4/8
    84 | D        | Reached XP level 4. HP: 17/21 MP: 4/9
   183 | D        | Noticed Sigmund
   186 | D        | Killed Sigmund
   186 | D        | Reached skill level 15 in Stealth
   186 | D        | Reached XP level 5. HP: 24/24 MP: 10/10
   201 | D        | Found a burning altar of Makhleb.
   201 | D        | Found a viscous altar of Jiyva.
   201 | D        | Found a shimmering altar of Xom.
   201 | D        | Found a corrupted altar of Lugonu.
   201 | D        | Noticed a slime creature
   228 | D        | Learned a level 3 spell: Confuse
   232 | D        | Learned a level 3 spell: Tukima's Dance
   412 | D        | Killed a slime creature
   412 | D        | Reached skill level 17 in Stealth
   412 | D        | Reached XP level 6. HP: 28/28 MP: 7/11
   460 | D        | Found a deep blue altar of Sif Muna.
   462 | D        | Found a radiant altar of Vehumet.
   466 | D        | Reached skill level 18 in Stealth
   498 | D        | Found Ifoa's Antique Armour Emporium.
   498 | D        | Found an ancient bone altar of Kikubaaqudgha.
   498 | D        | Found a hazy altar of Hepliaklqana.
   498 | D        | Found a stormy altar of Qazlal.
   498 | D        | Found a hide-covered altar of Uskayaw.
   498 | D        | Found a blossoming altar of Fedhas.
   498 | D        | Found a bloodstained altar of Trog.
   498 | D        | Found an iron altar of Okawaru.
   498 | D        | Found a basalt altar of Yredelemnul.
   498 | D        | Found a glowing golden altar of the Shining One.
   498 | D        | Found a snail-covered altar of Cheibriados.
   498 | D        | Found a sacrificial altar of Ru.
   498 | D        | Found a glowing silver altar of Zin.
   498 | D        | Found a shadowy altar of Dithmenos.
   498 | D        | Found a white marble altar of Elyvilon.
   498 | D        | Noticed a yak
   499 | D        | Found an opulent altar of Gozag.
   500 | D        | Killed a yak
   500 | D        | Reached skill level 19 in Stealth
   500 | D        | Reached XP level 7. HP: 32/32 MP: 12/12
   501 | D        | Found a sparkling altar of Nemelex Xobeh.
   511 | D        | Became a worshipper of Dithmenos the Shadowed
   516 | D        | Bought a smoking robe for 136 gold pieces
   526 | D        | Identified the +2 robe of the Foremost Blessings {MR+ Int+7} (You bought it in a shop in the Dungeon)
   537 | D        | Noticed Sonja
   542 | D        | Killed Sonja
   542 | D        | Reached skill level 5 in Short Blades
   542 | D        | Reached skill level 10 in Dodging
   542 | D        | Reached skill level 21 in Stealth
   542 | D        | Reached XP level 8. HP: 36/36 MP: 8/13
   610 | D        | Noticed a deep troll
   614 | D        | Killed a deep troll
   614 | D        | Reached skill level 23 in Stealth
   633 | D        | Noticed a centaur warrior
   634 | D        | Noticed a centaur warrior
   636 | D        | Killed a centaur warrior
   636 | D        | Reached * piety under Dithmenos
   636 | D        | Reached skill level 24 in Stealth
   636 | D        | Reached skill level 5 in Spellcasting
   636 | D        | Reached skill level 5 in Hexes
   636 | D        | Reached XP level 9. HP: 39/39 MP: 13/17
   639 | D        | Killed a centaur warrior
   693 | D        | Noticed an oklob plant
   695 | D        | Killed an oklob plant
   695 | D        | Reached ** piety under Dithmenos
   695 | D        | Reached skill level 25 in Stealth
   730 | D        | Noticed an unseen horror
   730 | D        | Noticed an unseen horror
   735 | D        | Killed an unseen horror
   735 | D        | Reached XP level 10. HP: 44/44 MP: 21/23
   737 | D        | Killed an unseen horror
   737 | D        | Reached *** piety under Dithmenos
   737 | D        | Reached skill level 26 in Stealth
   753 | D        | Reached **** piety under Dithmenos
   774 | D        | Reached ***** piety under Dithmenos
   836 | D        | Learned a level 3 spell: Dazzling Spray
   896 | D        | Reached skill level 27 in Stealth
  1026 | D        | Found Kenexzewn's Assorted Antiques.
  1026 | D        | Found Saohi's Weapon Shop.
  1026 | D        | Found Itrot's Food Boutique.
  1028 | D        | Found Nouwkioxa's Gadget Emporium.
  1028 | D        | Found Soocruqe's Magic Scroll Shop.
  1028 | D        | Found Sifiyts's Assorted Antiques.
  1028 | D        | Found Eliklim's Distillery.
  1028 | D        | Found Ubysony's Antique Weapon Emporium.
  1028 | D        | Found Ydghal's Armour Shop.
  1028 | D        | Found Buiny's General Store.
  1032 | D        | Found Fikk's Jewellery Boutique.
  1033 | D        | Found Awnasi Ziew's Assorted Antiques.
  1033 | D        | Found Ydiul's General Store.
  1034 | D        | Found Noguk's Book Emporium.
  1053 | D        | Bought a potion of heal wounds for 60 gold pieces
  1065 | D        | Bought the ring "Qit Neig" {Dex+4 Slay+2} for 424 gold pieces
  1074 | D        | Bought a +1 rapier of venom for 141 gold pieces
  1155 | D        | Found Julewor's Armour Emporium.
  1270 | D        | Bought a book of Misfortune for 220 gold pieces
  1306 | D        | Found Diqomol's General Store.
  1314 | D        | Bought a potion of heal wounds for 55 gold pieces
  1326 | D        | Learned a level 1 spell: Confusing Touch
  1328 | D        | Noticed a shining eye
  1328 | D        | Noticed a shining eye
  1328 | D        | Noticed a shining eye
  1329 | D        | Noticed a shining eye
  1329 | D        | Noticed a shining eye
  1329 | D        | Noticed a shining eye
  1329 | D        | Noticed a shining eye
  1330 | D        | Killed a shining eye
  1330 | D        | Reached skill level 1 in Fighting
  1331 | D        | Noticed a shining eye
  1333 | D        | Killed a shining eye
  1333 | D        | Reached skill level 10 in Spellcasting
  1336 | D        | Killed a shining eye
  1336 | D        | Reached skill level 10 in Hexes
  1339 | D        | Killed a shining eye
  1342 | D        | Killed a shining eye
  1345 | D        | Killed a shining eye
  1345 | D        | Reached ****** piety under Dithmenos
  1345 | D        | Reached XP level 11. HP: 50/50 MP: 18/27
  1348 | D        | Killed a shining eye
  1348 | D        | Reached skill level 1 in Invocations
  1350 | D        | Paralysed by a giant eyeball for 2 turns
  1354 | D        | Paralysed by a giant eyeball for 4 turns
  1359 | D        | Paralysed by a giant eyeball for 2 turns
  1371 | D        | Paralysed by a giant eyeball for 2 turns
  1678 | D        | Reached skill level 10 in Short Blades
  1799 | D        | Gained mutation: You are dopey. (Int -2) [a shining eye]
  1803 | D        | Gained mutation: Your spells are a little easier to cast, but a little less powerful. [a shining eye]
  1809 | D        | Killed a shining eye
  1961 | D        | Noticed a lindwurm
  1963 | D        | Killed a lindwurm
  1976 | D        | Reached skill level 1 in Conjurations
  1998 | D        | Noticed a lorocyproca
  2035 | D        | Killed a lorocyproca
  2339 | D        | Engulfed by a cloud of freezing vapour

Vault maps used:
D:        dungeon_sprint_1

Skill      XL: |  1  2  3  4  5  6  7  8  9 10 11 |
---------------+----------------------------------+-----
Short Blades   | 2 3 4 5 6 7 9 10 | 10.4
Dodging        | 4 6 7 9 10 11 12 | 12.3
Stealth        | 8 12 15 17 19 21 24 25 27 | 27.0
Ice Magic      | 2 |  2.0
Spellcasting   | 5 8 11 14 | 14.0
Hexes          | 5 8 10 13 | 13.2
Fighting       | 2 |  2.8
Invocations    | 1 |  1.7
Conjurations   | 1 |  1.0

Action                   |  1- 3 |  4- 6 |  7- 9 | 10-12 || total
-------------------------+-------+-------+-------+-------++-------
Melee: Dagger            |    10 |     8 |     9 |    28 ||    55
       Rapier            |       |       |       |    54 ||    54
 Cast: Ensorcelled Hiber |     7 |       |     2 |     2 ||    11
       Confuse           |       |     1 |       |    27 ||    28
       Dazzling Spray    |       |       |       |    11 ||    11
Invok: Shadow Step       |       |       |       |     3 ||     3
  Use: Potion            |     3 |       |       |     3 ||     6
       Scroll            |       |       |       |     3 ||     3
 Stab: Sleeping          |     2 |     3 |     9 |    21 ||    35
       Confused          |       |     2 |       |     8 ||    10
       Invisible         |       |       |       |     3 ||     3
  Eat: Bread ration      |       |       |       |     1 ||     1
Dodge: Dodged            |     8 |       |     1 |    71 ||    80
